 Dungeon Crawl Stone Soup version 0.17-a0-957-ga3519be (console) character file.

88 Fusha the Skirmisher (level 4, -4/34 HPs)
             Began as a Mummy Warper on May 6, 2015.
             Killed by divine providence
             ... invoked by an orc priest
              (13 damage)
             ... on level 3 of the Dungeon on May 7, 2015.
             The game lasted 00:13:20 (2204 turns).

Fusha the Skirmisher (Mummy Warper)                 Turns: 2204, Time: 00:13:20

Health: -4/34      AC:  9    Str: 14    XL:     4   Next: 29%
Magic:  7/7        EV: 12    Int: 13    God:
Gold:   140        SH:  0    Dex: 11    Spells: 3 memorised, 2 levels left

rFire  x . .     SeeInvis .     f - +2 mace (protect)
rCold  + . .     Clarity  .     b - +0 leather armour
rNeg   + + +     SustAb   .     (no shield)
rPois  ∞         Gourm    .     (no helmet)
rElec  .         Spirit   .     (no cloak)
rCorr  .         Warding  .     (no gloves)
rMut   .         Stasis   .     l - +0 pair of boots
MR     .....                    (no amulet)
Stlth  +.........               (no ring)
                                q - ring of positive energy

@: very slightly contaminated, invisible, not resistant to hostile enchantments,
very unstealthy
A: no food or potions, fire vulnerability, cold resistance 1, negative energy
resistance 3, torment resistance, unbreathing
a: no special abilities


You were on level 3 of the Dungeon.
You were not hungry.

You visited 1 branch of the dungeon, and saw 3 of its levels.

You collected 140 gold pieces.

Inventory:

Hand weapons
 a - a +0 mace
 f - a +2 mace of protection (weapon)
Missiles
 e - 5 tomahawks of dispersal
 k - 7 poisoned javelins
 p - 3 javelins (quivered)
Armour
 b - a +0 leather armour (worn)
 l - a +0 pair of boots (worn)
Jewellery
 q - a ring of positive energy (left hand)
Magical devices
 t - a wand of invisibility (3)
Scrolls
 d - a scroll of blinking
 g - 2 scrolls of random uselessness {unknown}
 h - a scroll of recharging {unknown}
 i - a scroll of teleportation {unknown}
 j - a scroll of magic mapping {unknown}
 m - a scroll of immolation {unknown}
 n - 3 scrolls of remove curse {unknown}
 o - 2 scrolls of noise {unknown}
 r - a scroll of identify {unknown}
 s - a scroll of fog {unknown}
Books
 c - a book of Spatial Translocations

   Spells                             Type                      Level
   a - Apportation                    Translocation                1
   b - Blink                          Translocation                2
   c - Shroud of Golubria             Charms/Translocation         2
   d - Portal Projectile              Translocation                3
   e - Teleport Other                 Translocation                3
   f - Passage of Golubria            Translocation                4


   Skills:
 + Level 2.7 Fighting
 + Level 2.0 Maces & Flails
 + Level 1.0 Throwing
 - Level 0.7 Armour
 + Level 2.2 Dodging
 + Level 2.5 Spellcasting
 + Level 2.7 Translocations


You had 2 spell levels left.
You knew the following spells:

 Your Spells              Type           Power        Failure   Level  Hunger
a - Apportation           Tloc           #.........   12%         1    N/A
b - Blink                 Tloc           N/A          17%         2    N/A
c - Portal Projectile     Tloc           #.....       34%         3    N/A

Dungeon Overview and Level Annotations

Branches:
Dungeon (3/15)

Altars:

Annotations:
D:2 scroll behind wall


Innate Abilities, Weirdness & Mutations

You do not eat or drink.
Your flesh is vulnerable to fire.
You are immune to poison.
Your flesh is cold resistant.
You are immune to negative energy.
You are immune to unholy pain and torment.
You can survive without breathing.


Message History

The orc hits you but does no damage.
You hit the orc.
The orc is severely wounded.
The orc hits you with a dagger of freezing.
* * * LOW HITPOINT WARNING * * *
The orc barely misses you.
You hit the orc.
You kill the orc!
You closely miss the orc priest. The orc priest completely misses you.
You closely miss the orc priest. The orc priest misses you.
You closely miss the orc priest. The orc priest hits you with a club.
* * * LOW HITPOINT WARNING * * *
You sock the orc priest!
The orc priest is heavily wounded.
The orc priest misses you.
You closely miss the orc priest.
The orc priest is heavily wounded.
The orc priest invokes the aid of Beogh against you.
Something smites you!
You die...

#.# ### ### #.#
#.. ..# #.# #.#
#.# #.# #########
#.# #.# #.#
#.......#
#o######.######.#
#.#####†#
#o##..........#.#
#####.# #.#
#o##.###.####.#.##
....#.#####.#
#@##.# #.# #....>.
###...(..##.#
#.##.###.# #......
###.##.##.#
#........# #......
#.##.##.#
####.##### #..#.#.
#.......# #.#
#...... #####.####
##.# #.##.#.
##...#.# ##..##
#.##+#.
##.###..#####
##....# #.#....
##.## ##.....#
#.....# #......


You could see an orc priest and 2 orcs.

Vanquished Creatures
  An adder (D:3)
  An ooze (D:2)
  3 worms (D:2)
  3 giant geckos (D:2)
  6 orcs (D:3)
  2 ball pythons (D:2)
  7 bats
  7 goblins
  9 hobgoblins
  3 giant newts (D:1)
  3 jackals (D:1)
  5 kobolds
  6 rats
56 creatures vanquished.

Notes
Turn   | Place    | Note
--------------------------------------------------------------
     0 | D:1      | Fusha, the Mummy Warper, began the quest for the Orb.
     0 | D:1      | Reached XP level 1. HP: 16/16 MP: 3/3
   204 | D:1      | Reached XP level 2. HP: 13/22 MP: 5/5
   598 | D:1      | Learned a level 2 spell: Blink
   820 | D:2      | Reached XP level 3. HP: 14/28 MP: 6/6
   825 | D:2      | Learned a level 3 spell: Portal Projectile
  1839 | D:3      | Upgraded the game from 0.17-a0-945-g601bd79 to 0.17-a0-957-ga3519be
  2007 | D:3      | Reached XP level 4. HP: 34/34 MP: 7/7
  2018 | D:3      | Reached skill level 1 in Throwing
  2204 | D:3      | Killed from afar by an orc priest

Action                   |  1- 3 |  4- 6 || total
-------------------------+-------+-------++-------
Melee: Mace              |   119 |    32 ||   151
Throw: Javelin           |       |     4 ||     4
Evoke: Wand              |       |     1 ||     1
